[Event "Titled Tuesday Blitz May 24 Early 2022"]
[White "Hambleton, Aman"]
[Black "Fernandez Barrera, Victor"]
[WhiteFideId "2606577"]
[BlackFideId "2261529"]
[WhiteElo "2552"]
[BlackElo "2189"]
[Result "0-1"]
[Round "07"]
[TimeControl "180+1"]
[Date "2022.05.25"]
[WhiteClock "0:00:02"]
[BlackClock "0:01:15"]

1. d4 Nf6 2. c4 e6 3. Nc3 d5 4. cxd5 exd5 5. Bg5 c6 6. e3 Be7 7. Bd3 Nbd7 8. Nge2 O-O 9. O-O Re8 10. f3 Nf8 11. Bh4 Be6 12. Bf2 c5 13. Qd2 Rc8 14. h3 a6 15. Rac1 b5 16. dxc5 Bxc5 17. Nd4 Qd6 18. Rfd1 Ba7 19. Nce2 Rxc1 20. Rxc1 Rc8 21. Rxc8 Bxc8 22. Qc2 Qc5 23. Nc6 Bd7 24. Nxa7 Qxa7 25. Nd4 Qb7 26. Qc5 Ne6 27. Nxe6 Bxe6 28. Bg3 h6 29. Kf2 Nd7 0-1


[Site "https://www.chess.com"]

[Event "Titled Tuesday Blitz May 24 Early 2022"]
[White "Hart, Braeden"]
[Black "Proudian, Armen"]
[WhiteFideId "30962587"]
[BlackFideId "2130734"]
[WhiteElo "2384"]
[BlackElo "2380"]
[Result "0-1"]
[Round "07"]
[TimeControl "180+1"]
[Date "2022.05.25"]
[WhiteClock "0:01:30"]
[BlackClock "0:01:42"]

1. e4 e5 2. Nf3 Nc6 3. Nc3 Nf6 4. Nxe5 Nxe5 5. d4 Bb4 6. dxe5 Nxe4 7. Qg4 d5 8. Qxg7 Rf8 9. a3 Bxc3+ 10. bxc3 Qh4 11. g3 Qg4 12. Qxh7 Qf3 13. Bh6 Qxc3+ 14. Ke2 Bg4+ 15. f3 Bxf3# 0-1


[Site "https://www.chess.com"]

[Event "Titled Tuesday Blitz May 24 Early 2022"]
[White "Hartikainen, Jarmo"]
[Black "Clawitter, Craig"]
[WhiteFideId "503134"]
[BlackFideId "2023105"]
[WhiteElo "2114"]
[BlackElo "2216"]
[Result "1-0"]
[Round "07"]
[TimeControl "180+1"]
[Date "2022.05.25"]
[WhiteClock "0:00:10"]
[BlackClock "0:01:13"]

1. e4 e6 2. d4 d5 3. Nc3 Bb4 4. e5 c5 5. a3 Bxc3+ 6. bxc3 Ne7 7. Qg4 Qc7 8. Qxg7 Rg8 9. Qxh7 cxd4 10. Ne2 Nbc6 11. f4 dxc3 12. Qd3 d4 13. Rb1 b6 14. Rg1 Bb7 15. g4 O-O-O 16. Bg2 Rxg4 17. Bxc6 Rxg1+ 18. Nxg1 Qxc6 19. Rb4 Nf5 20. Rc4 Rg8 21. Rxc6+ Bxc6 22. Ne2 Rg2 23. Nxd4 Rg1+ 24. Kf2 Rg2+ 25. Kf1 Nxd4 26. Qxd4 Rxc2 27. Be3 Bd5 28. f5 Kb7 29. fxe6 fxe6 30. h4 Rh2 31. Qxc3 Rxh4 32. Ke2 Rc4 33. Qb2 Re4 34. Kd3 Rh4 35. Bd4 Be4+ 36. Ke3 Bd5 37. Qb4 Re4+ 38. Kd3 Rh4 39. Qe7+ Ka6 40. Qxh4 Kb5 41. Kc3 a5 42. Qd8 Ka4 43. Qxb6 Kxa3 44. Qb2+ Ka4 45. Bb6 Bc4 46. Bxa5 Kxa5 47. Kxc4 Ka6 48. Kc5 Ka7 49. Kc6 Ka8 50. Qb7# 1-0


[Site "https://www.chess.com"]

[Event "Titled Tuesday Blitz May 24 Early 2022"]
[White "Hasangatin, Ramil"]
[Black "Kalogridis, Antonios"]
[WhiteFideId "4122160"]
[BlackFideId "25833901"]
[WhiteElo "2399"]
[BlackElo "1596"]
[Result "1/2-1/2"]
[Round "07"]
[TimeControl "180+1"]
[Date "2022.05.25"]
[WhiteClock "0:00:47"]
[BlackClock "0:01:03"]

1. e4 c6 2. Nf3 d5 3. d3 g6 4. g3 Bg7 5. Bg2 e5 6. O-O dxe4 7. dxe4 Qxd1 8. Rxd1 Nd7 9. Nbd2 Nc5 10. Nc4 f6 11. Nd6+ Ke7 12. Be3 Ne6 13. Rd2 Nh6 14. Rad1 Nd4 15. Nxd4 exd4 16. Bxd4 Be6 17. Bc5 b6 18. Nf5+ Kf7 19. Nxg7 Kxg7 20. Be3 Ng4 21. Bf4 Kf7 22. Bh3 g5 23. Bd6 Rac8 24. b3 c5 25. f3 Ne3 26. Bxe6+ Kxe6 27. Rc1 Rhd8 28. Kf2 Nxc2 29. Rcxc2 Rxd6 30. Rxd6+ Kxd6 31. Rd2+ Ke7 32. Ke3 Rd8 33. Rxd8 Kxd8 34. f4 Ke7 35. a4 Ke6 36. Kd3 gxf4 37. gxf4 Kd6 38. Kc4 Kc6 39. b4 a6 40. bxc5 bxc5 41. a5 Kd6 42. e5+ fxe5 43. fxe5+ Kc6 44. h3 h6 45. h4 h5 46. e6 Kd6 47. e7 Kxe7 48. Kxc5 Kd7 49. Kb6 Kd6 50. Kxa6 Kc6 51. Ka7 Kc7 52. a6 Kc8 53. Kb6 Kb8 54. Kc5 Ka7 55. Kb5 Kb8 56. Kb6 Ka8 57. Ka5 Ka7 58. Kb5 Kb8 59. Kc5 Ka7 60. Kd5 Kxa6 61. Ke5 Kb7 62. Kf5 Kc7 63. Kg5 Kd7 64. Kxh5 Ke8 65. Kg6 Kf8 66. Kh7 Kf7 67. Kh6 Kg8 68. Kg5 Kh8 69. Kh5 Kg8 70. Kg4 Kh8 71. Kh3 Kg8 72. Kg3 Kh8 73. Kf4 Kg8 74. Kg5 Kh8 75. Kf5 Kg8 76. Kf6 Kh8 77. Kg6 Kg8 78. Kh6 Kh8 79. Kh5 Kg8 80. Kg4 Kh8 81. Kf3 Kg8 82. Ke2 Kh8 83. Kd1 Kg8 84. Kc2 Kh8 85. Kb3 Kg8 86. Ka4 Kh8 87. Kb5 Kg8 88. h5 Kh8 89. Kc5 Kg8 90. Kd5 Kh8 91. Ke5 Kg8 92. Kf5 Kh7 93. Kg5 Kg7 94. Kg4 Kh7 95. Kh4 Kg7 96. Kg5 Kh8 97. Kf5 Kg8 98. Kf4 Kh8 99. Kg3 Kg8 100. Kh3 Kh8 101. Kh2 Kg8 102. Kg2 Kh8 103. Kh1 Kg8 104. Kg1 Kh7 105. Kf2 Kh6 106. Ke3 Kxh5 1/2-1/2


[Site "https://www.chess.com"]

[Event "Titled Tuesday Blitz May 24 Early 2022"]
[White "Hernandez Jimenez, Alexander Andres"]
[Black "Dahlgren, James Allen"]
[WhiteFideId "3900452"]
[BlackFideId "22256873"]
[WhiteElo "2098"]
[BlackElo "2065"]
[Result "1-0"]
[Round "07"]
[TimeControl "180+1"]
[Date "2022.05.25"]
[WhiteClock "0:00:04"]
[BlackClock "0:00:04"]

1. e4 e6 2. d4 c5 3. Nf3 cxd4 4. Nxd4 Nc6 5. Nc3 Nf6 6. Be2 Bb4 7. O-O Bxc3 8. bxc3 Nxe4 9. Nxc6 bxc6 10. Qd4 Nf6 11. Ba3 d5 12. c4 Bd7 13. cxd5 cxd5 14. c4 Rc8 15. cxd5 Nxd5 16. Qxa7 Qb6 17. Qxb6 Nxb6 18. Rfc1 f6 19. Bc5 Nd5 20. a4 Kf7 21. a5 Nf4 22. Bf1 Bc6 23. a6 Bd5 24. a7 Ra8 25. g3 Ng6 26. Bg2 Rhc8 27. Bxd5 exd5 28. Rab1 Ke6 29. Rb6+ Ke5 30. Re1+ Kf5 31. Rb5 Ne5 32. Kg2 h5 33. Bd4 Rd8 34. Rb7 Nd3 35. Re3 1-0


[Site "https://www.chess.com"]

[Event "Titled Tuesday Blitz May 24 Early 2022"]
[White "Hoffmann, Asa"]
[Black "Gulevich, Artem"]
[WhiteFideId "2001470"]
[BlackFideId "24119580"]
[WhiteElo "2117"]
[BlackElo "2218"]
[Result "0-1"]
[Round "07"]
[TimeControl "180+1"]
[Date "2022.05.25"]
[WhiteClock "0:01:48"]
[BlackClock "0:01:41"]

1. d4 d5 2. Bg5 Nf6 3. Nd2 e6 4. e3 Be7 5. Bd3 c5 6. c3 Nbd7 7. f4 a6 8. Ngf3 b5 9. O-O Bb7 10. Ne5 g6 11. Qf3 Qc7 12. a4 b4 13. cxb4 cxd4 14. exd4 Bxb4 15. Rac1 Qb6 16. Nb3 O-O 17. Kh1 Rfc8 18. Qh3 Rxc1 19. Rxc1 Rc8 20. Rd1 Bf8 21. Bf1 Nxe5 22. fxe5 Ne4 23. Bf4 Nf2+ 0-1


[Site "https://www.chess.com"]

[Event "Titled Tuesday Blitz May 24 Early 2022"]
[White "Ianov, Viktor"]
[Black "Csonka, Balazs"]
[WhiteFideId "14102730"]
[BlackFideId "742910"]
[WhiteElo "2152"]
[BlackElo "2404"]
[Result "1/2-1/2"]
[Round "07"]
[TimeControl "180+1"]
[Date "2022.05.25"]
[WhiteClock "0:02:53"]
[BlackClock "0:02:51"]

1. Nf3 Nf6 2. g3 b6 3. Bg2 Bb7 4. O-O g6 5. b3 Bg7 6. Bb2 c5 7. c4 O-O 8. Nc3 d5 9. Nxd5 Nxd5 10. Bxg7 Kxg7 11. cxd5 Qxd5 12. d4 Na6 13. dxc5 Qxd1 14. Rfxd1 Nxc5 15. Ne5 Bxg2 16. Kxg2 1/2-1/2


[Site "https://www.chess.com"]

[Event "Titled Tuesday Blitz May 24 Early 2022"]
[White "Itkis, Boris"]
[Black "Avramidou, Anastasia"]
[WhiteFideId "1209167"]
[BlackFideId "4239873"]
[WhiteElo "2207"]
[BlackElo "2183"]
[Result "1/2-1/2"]
[Round "07"]
[TimeControl "180+1"]
[Date "2022.05.25"]
[WhiteClock "0:00:22"]
[BlackClock "0:00:11"]

1. Nf3 Nf6 2. b3 g6 3. Bb2 Bg7 4. d4 O-O 5. e3 d5 6. Nbd2 b6 7. Bd3 Bb7 8. O-O c5 9. c4 Nc6 10. Rc1 dxc4 11. Nxc4 cxd4 12. Nxd4 Nxd4 13. Bxd4 Qd5 14. f3 Rfd8 15. Qe2 Qd7 16. Ne5 Qe8 17. Rc7 Bd5 18. Rfc1 Rdc8 19. Ba6 Rxc7 20. Rxc7 Qd8 21. Qc2 h6 22. Kf2 Kh7 23. Rc8 Rxc8 24. Qxc8 Qxc8 25. Bxc8 Kg8 26. Ba6 Kf8 27. Bc4 Bxc4 28. Nxc4 Ke8 29. Ke2 Kd7 30. Kd3 Ke6 31. Na3 Kd7 32. Nb5 a6 33. Nc3 Kc6 34. Ne4 Ne8 35. g4 Bxd4 36. Kxd4 f6 37. h4 Ng7 38. Ng3 Ne6+ 39. Kd3 Kd5 40. h5 gxh5 41. gxh5 Ng7 42. f4 e6 43. e4+ Kc5 44. a3 a5 45. Kc3 b5 46. b4+ axb4+ 47. axb4+ Kc6 48. Kd4 Ne8 49. Nf1 Ng7 50. Ng3 Ne8 51. Nf1 Ng7 52. Ng3 1/2-1/2


[Site "https://www.chess.com"]

[Event "Titled Tuesday Blitz May 24 Early 2022"]
[White "Ivanisevic, Ivan"]
[Black "Bellissimo, Joseph F."]
[WhiteFideId "912417"]
[BlackFideId "2609843"]
[WhiteElo "2495"]
[BlackElo "2061"]
[Result "1-0"]
[Round "07"]
[TimeControl "180+1"]
[Date "2022.05.25"]
[WhiteClock "0:00:21"]
[BlackClock "0:00:54"]

1. d4 Nf6 2. c4 e6 3. g3 d5 4. Bg2 Bb4+ 5. Bd2 Bd6 6. Nf3 O-O 7. O-O c6 8. Nc3 Nbd7 9. Qb3 dxc4 10. Qxc4 e5 11. Bg5 exd4 12. Nxd4 Ne5 13. Qb3 Be7 14. Rfd1 Qa5 15. Bd2 Qb6 16. Bf4 Ng6 17. Qxb6 axb6 18. Bc7 b5 19. Nb3 Be6 20. h3 Bb4 21. g4 Bxc3 22. bxc3 Rxa2 23. Rxa2 Bxb3 24. Rda1 Bxa2 25. Rxa2 Rc8 26. Bg3 Ne7 27. e4 Nd7 28. f4 Nc5 29. e5 Nd5 30. Bxd5 cxd5 31. f5 Ne4 32. Bh4 g5 33. Be1 Nxc3 34. Bxc3 Rxc3 35. Ra8+ Kg7 36. f6+ Kg6 37. Rg8+ Kh6 38. e6 fxe6 39. f7 Rf3 40. f8=Q+ Rxf8 41. Rxf8 Kg7 42. Rb8 Kf6 43. Rxb7 Ke5 44. Rxb5 Kd4 45. Kf2 e5 46. Ke2 e4 47. Rb7 Kc3 48. Ke3 h6 49. Rc7+ Kb4 50. Kd4 Kb3 51. Kxd5 e3 52. Re7 Kc3 53. Rxe3+ Kd2 54. Re6 Kd3 55. Rxh6 Ke3 56. h4 Kf4 57. h5 Kxg4 58. Rh8 Kf5 59. Rg8 g4 60. h6 Kf4 61. h7 Kg3 62. h8=Q Kf3 63. Qf6+ Ke2 64. Re8+ Kd3 65. Qd4+ Kc2 66. Re2+ Kb1 67. Qb2# 1-0


[Site "https://www.chess.com"]

[Event "Titled Tuesday Blitz May 24 Early 2022"]
[White "Jakubowski, Krzysztof"]
[Black "Estrada Nieto, Julian"]
[WhiteFideId "1112848"]
[BlackFideId "5101018"]
[WhiteElo "2365"]
[BlackElo "2252"]
[Result "1-0"]
[Round "07"]
[TimeControl "180+1"]
[Date "2022.05.25"]
[WhiteClock "0:00:37"]
[BlackClock "0:00:04"]

1. e4 e5 2. Nf3 Nc6 3. Bc4 Bc5 4. d3 d6 5. O-O Nf6 6. c3 a6 7. a4 Ba7 8. Nbd2 O-O 9. h3 h6 10. Re1 Re8 11. Nf1 Be6 12. Bxe6 Rxe6 13. Be3 d5 14. Bxa7 Rxa7 15. Qb3 d4 16. Ng3 g6 17. Rac1 Rd6 18. Ne2 dxc3 19. Rxc3 a5 20. Rxc6 Rxc6 21. Nxe5 Re6 22. Nxg6 Rb6 23. Qa2 Qxd3 24. Qxf7+ Kxf7 25. Ne5+ Kg7 26. Nxd3 Nxe4 27. Nd4 Nd6 28. Re7+ Kf6 29. Rxc7 Ra8 30. Rh7 Kg6 31. Rd7 Rc8 32. Nf4+ Kf6 33. Nd5+ Ke5 34. Nxb6 Rc1+ 35. Kh2 Kxd4 36. Rxd6+ Kc5 37. Rxh6 Rc2 38. Nd7+ Kb4 39. Rb6+ Kxa4 40. b3+ Ka3 41. Rxb7 Rxf2 42. Nc5 Rc2 43. Na4 Ka2 44. h4 Rc6 45. h5 1-0


[Site "https://www.chess.com"]

[Event "Titled Tuesday Blitz May 24 Early 2022"]
[White "Jian, Alex"]
[Black "Prokofiev, Valentyn"]
[WhiteFideId "30901022"]
[BlackFideId "14160161"]
[WhiteElo "2111"]
[BlackElo "2174"]
[Result "0-1"]
[Round "07"]
[TimeControl "180+1"]
[Date "2022.05.25"]
[WhiteClock "0:00:45"]
[BlackClock "0:02:01"]

1. Nf3 Nf6 2. b3 g6 3. Bb2 Bg7 4. e3 O-O 5. d4 b6 6. Be2 Bb7 7. O-O e6 8. c4 c5 9. Nc3 cxd4 10. exd4 d5 11. Ne5 dxc4 12. bxc4 Nbd7 13. Bf3 Bxf3 14. Qxf3 Nxe5 15. dxe5 Nd7 16. Ne4 Nxe5 17. Bxe5 Bxe5 18. Rad1 Qc7 19. Nf6+ Bxf6 20. Qxf6 Qxc4 21. Rd4 Qc5 22. Rfd1 Rac8 23. h3 Qf5 24. Qe7 Rc2 25. Rf1 Rxa2 26. Rd7 Kg7 27. Rxa7 Rxa7 28. Qxa7 b5 29. Qb7 Rd8 30. Rc1 Rd2 31. Qb6 Qd5 32. Rc5 Qd4 33. Qc6 Rd1+ 34. Kh2 Qf4+ 35. g3 Qxf2+ 36. Qg2 Qxc5 0-1


[Site "https://www.chess.com"]

[Event "Titled Tuesday Blitz May 24 Early 2022"]
[White "Juhasz, Agoston"]
[Black "Kuznetsov, Mikhail"]
[WhiteFideId "778346"]
[BlackFideId "4117190"]
[WhiteElo "2211"]
[BlackElo "1981"]
[Result "1-0"]
[Round "07"]
[TimeControl "180+1"]
[Date "2022.05.25"]
[WhiteClock "0:00:33"]
[BlackClock "0:00:31"]

1. e4 c6 2. d4 d5 3. exd5 cxd5 4. Bd3 Nf6 5. c3 Bg4 6. Qb3 Qc8 7. Ne2 Nc6 8. Bf4 e6 9. Nd2 Be7 10. O-O O-O 11. Rae1 a6 12. Ng3 Nh5 13. Be3 Nxg3 14. fxg3 Bh5 15. Nf3 Bg6 16. Bxg6 hxg6 17. Bf4 Bf6 18. g4 Na5 19. Qc2 Nc6 20. g5 Nxd4 21. Nxd4 Bxd4+ 22. Kh1 Bb6 23. Rf3 Qc4 24. b3 Qc6 25. Rh3 f6 26. Qxg6 fxg5 27. Be5 Qd7 28. Rh7 Rf7 29. Qh5 Kf8 30. Rh8+ Ke7 31. Qxg5+ 1-0


[Site "https://www.chess.com"]

[Event "Titled Tuesday Blitz May 24 Early 2022"]
[White "Kamsky, Gata"]
[Black "Aradhya, Garg"]
[WhiteFideId "2000024"]
[BlackFideId "25006746"]
[WhiteElo "2645"]
[BlackElo "2169"]
[Result "1-0"]
[Round "07"]
[TimeControl "180+1"]
[Date "2022.05.24"]
[WhiteClock "0:00:50"]
[BlackClock "0:00:33"]

1. d4 d5 2. Bf4 c5 3. e3 Nc6 4. c3 f6 5. Nf3 Bg4 6. Qb3 Qb6 7. dxc5 Qxb3 8. axb3 e5 9. Bg3 Bxc5 10. b4 Bb6 11. Be2 Nge7 12. h3 Be6 13. Nbd2 Nf5 14. Bh2 d4 15. exd4 exd4 16. b5 dxc3 17. bxc3 Nce7 18. g4 Nh6 19. Ne4 O-O 20. c4 Rfc8 21. Nd6 Rc7 22. O-O Rd7 23. Rfc1 Nf7 24. c5 Nxd6 25. Bxd6 Bc7 26. Bxc7 Rxc7 27. Nd4 Bd7 28. b6 Rcc8 29. bxa7 Nc6 30. Nb5 Ne5 31. Nd6 Rc7 32. f4 Ng6 33. Bf3 Bc6 34. Bxc6 bxc6 35. Rcb1 Rcxa7 36. Rxa7 Rxa7 37. Rb8+ Nf8 38. Rc8 Ra6 39. f5 g6 40. Rc7 gxf5 41. gxf5 Ra3 42. Kg2 Ra2+ 43. Kg3 Ra3+ 44. Kg4 Ra4+ 45. Kh5 Ra3 46. h4 Ra5 47. Kh6 Ne6 48. fxe6 Ra8 49. Rg7+ Kf8 50. e7# 1-0


[Site "https://www.chess.com"]

[Event "Titled Tuesday Blitz May 24 Early 2022"]
[White "Karolczuk, Iwo"]
[Black "Rustemov, Alexander"]
[WhiteFideId "21816972"]
[BlackFideId "4119002"]
[WhiteElo "2258"]
[BlackElo "2821"]
[Result "1/2-1/2"]
[Round "07"]
[TimeControl "180+1"]
[Date "2022.05.24"]
[WhiteClock "0:00:02"]
[BlackClock "0:00:05"]

1. e4 e6 2. d4 d5 3. Nc3 dxe4 4. Nxe4 Bd7 5. Nf3 Bc6 6. Bd3 Nd7 7. Qe2 Ngf6 8. c3 Nxe4 9. Bxe4 Bxe4 10. Qxe4 c6 11. O-O Be7 12. Bf4 O-O 13. Rad1 Qa5 14. a3 Rfe8 15. Rfe1 Rad8 16. Nd2 Qd5 17. Qe3 Nf6 18. h3 h6 19. Be5 Nd7 20. Nf3 Nxe5 21. Nxe5 Bd6 22. Ng4 Qf5 23. b4 h5 24. Ne5 Bxe5 25. Qxe5 Qxe5 26. Rxe5 g6 27. Rde1 Rd5 28. f4 a5 29. Kf2 Ra8 30. Rxd5 cxd5 31. Ke3 axb4 32. axb4 Ra3 33. Kd3 h4 34. Re2 b5 35. Kc2 Ra2+ 36. Kd3 Ra1 37. Ke3 Kg7 38. Kf3 Rc1 39. Re3 Rc2 40. g3 hxg3 41. Kxg3 Kf6 42. Kf3 Kf5 43. Re5+ Kf6 44. Re3 Kg7 45. Kg3 Kh6 46. Kf3 Kh5 47. Kg3 Rc1 48. Re5+ Kh6 49. Re3 g5 50. fxg5+ Kxg5 51. Re5+ Kg6 52. Re3 Rg1+ 53. Kf4 Rf1+ 54. Ke5 Kg5 55. Kd6 Kf4 56. Rd3 Rg1 57. Kc5 Ke4 58. Rd2 Rg3 59. Re2+ Kf5 60. Rf2+ Kg6 61. Kxb5 Rxc3 62. Ka6 Rxh3 63. b5 Ra3+ 64. Kb7 f6 65. Rb2 e5 66. dxe5 fxe5 67. b6 Kf5 68. Kc6 Rc3+ 69. Kxd5 Rd3+ 70. Kc4 Rd8 71. b7 Rb8 72. Kd5 Rd8+ 73. Kc6 e4 74. Ra2 Rb8 75. Kc7 Rxb7+ 76. Kxb7 e3 77. Kc6 Ke4 78. Kc5 Kf3 79. Kd4 e2 80. Ra1 Kf2 81. Ra2 Kf1 82. Rxe2 Kxe2 1/2-1/2


[Site "https://www.chess.com"]

[Event "Titled Tuesday Blitz May 24 Early 2022"]
[White "Kejzar, Petra"]
[Black "Pourkashiyan, Atousa"]
[WhiteFideId "14610213"]
[BlackFideId "12502014"]
[WhiteElo "2004"]
[BlackElo "2247"]
[Result "0-1"]
[Round "07"]
[TimeControl "180+1"]
[Date "2022.05.25"]
[WhiteClock "0:00:03"]
[BlackClock "0:00:17"]

1. c4 e6 2. g3 Nf6 3. Bg2 d5 4. Nf3 Be7 5. O-O O-O 6. d4 dxc4 7. Qc2 a6 8. a4 Bd7 9. Qxc4 Bc6 10. Qc2 Be4 11. Qd1 Nbd7 12. Nc3 Bxf3 13. Bxf3 c6 14. e4 a5 15. Be3 Nb6 16. b3 Bb4 17. Qc2 Re8 18. Rfd1 Qe7 19. e5 Nfd5 20. Ne4 h6 21. Bd2 Bxd2 22. Qxd2 Red8 23. Nc5 Nb4 24. Be4 Nd7 25. Nxb7 Nxe5 26. Nxd8 Rxd8 27. Qe2 Nd7 28. Rac1 Qd6 29. Bb1 Nf6 30. Rc5 Qc7 31. Qc4 Nfd5 32. Be4 Qb6 33. Bxd5 cxd5 34. Qc3 Rd7 35. Rc8+ Kh7 36. Qf3 Rc7 37. Rf8 Qb7 38. Qg4 Rc2 39. Qh4 Qa6 40. Qd8 Qe2 41. Rh8+ Kg6 42. Rf1 Nd3 43. Qh4 Nxf2 44. Re8 Qe3 45. Qf4 Nh3+ 46. Kh1 Nxf4 47. Rf2 Qe1+ 0-1


[Site "https://www.chess.com"]

[Event "Titled Tuesday Blitz May 24 Early 2022"]
[White "Keymer, Vincent"]
[Black "Dubov, Daniil"]
[WhiteFideId "12940690"]
[BlackFideId "24126055"]
[WhiteElo "2548"]
[BlackElo "2791"]
[Result "1-0"]
[Round "07"]
[TimeControl "180+1"]
[Date "2022.05.24"]
[WhiteClock "0:00:16"]
[BlackClock "0:00:05"]

1. d4 Nf6 2. c4 g6 3. g3 c6 4. Bg2 d5 5. Nf3 Bg7 6. O-O O-O 7. a4 Be6 8. Nc3 dxc4 9. e4 Na6 10. h3 Nb4 11. Be3 a5 12. Qe2 Qc8 13. Kh2 Rd8 14. Ne5 Nd7 15. f4 Nxe5 16. dxe5 Rd3 17. Bc5 Qc7 18. Qf2 f5 19. Rae1 fxe4 20. Nxe4 Rb3 21. Bb6 Qc8 22. Nc5 Nd3 23. Nxd3 Rxd3 24. Be4 Bxh3 25. Bxd3 cxd3 26. e6 Bxf1 27. Qxf1 d2 28. Re2 c5 29. Rxd2 Qxe6 30. Bxc5 Rc8 31. Bf2 Qc4 32. Qe1 Qxa4 33. Qe6+ Kf8 34. Qxc8+ Kf7 35. Qxb7 1-0


[Site "https://www.chess.com"]

[Event "Titled Tuesday Blitz May 24 Early 2022"]
[White "Khoroshev, Nikita"]
[Black "Kruckenhauser, Arthur"]
[WhiteFideId "14200287"]
[BlackFideId "1642812"]
[WhiteElo "2354"]
[BlackElo "2243"]
[Result "1-0"]
[Round "07"]
[TimeControl "180+1"]
[Date "2022.05.24"]
[WhiteClock "0:01:25"]
[BlackClock "0:00:38"]

1. e4 e5 2. Nf3 Nc6 3. Bb5 a6 4. Ba4 Nf6 5. O-O Nxe4 6. d4 Be7 7. Re1 b5 8. Bb3 d5 9. dxe5 Be6 10. a4 Na5 11. Nd4 Nxb3 12. cxb3 b4 13. f3 Nc5 14. Nc6 Qd7 15. Nxe7 Qxe7 16. Nd2 Nd3 17. Re3 Qc5 18. Nf1 Nxe5 19. f4 Ng6 20. f5 d4 21. fxe6 fxe6 22. Rxe6+ Kf7 23. Re4 Rad8 24. Qf3+ Kg8 25. Bd2 Ne5 26. Qf5 Nd3 27. Qe6+ Kf8 28. Rc1 Qd5 29. Qe7+ Kg8 30. Rxc7 1-0


[Site "https://www.chess.com"]

[Event "Titled Tuesday Blitz May 24 Early 2022"]
[White "Kim, Sergey"]
[Black "Melikhov, Evgeny V."]
[WhiteFideId "13700570"]
[BlackFideId "4122046"]
[WhiteElo "2540"]
[BlackElo "1931"]
[Result "1/2-1/2"]
[Round "07"]
[TimeControl "180+1"]
[Date "2022.05.25"]
[WhiteClock "0:00:16"]
[BlackClock "0:00:10"]

1. d4 Nf6 2. c4 e6 3. Nc3 Bb4 4. Qc2 c5 5. dxc5 Na6 6. Nf3 Nxc5 7. Bd2 Bxc3 8. Bxc3 Nce4 9. Bb4 Qb6 10. Ba3 Qxf2+ 11. Kd1 Qe3 12. Ke1 d6 13. Qd3 Qf2+ 14. Kd1 O-O 15. Kc2 Qb6 16. Qb3 Qxb3+ 17. Kxb3 b6 18. e3 Ba6 19. Rc1 Rfc8 20. Be2 Rc7 21. Rhd1 Rac8 22. Bxd6 Nxd6 23. Rxd6 Ne4 24. Rd4 f5 25. Ne5 g5 26. a4 g4 27. Kb4 Bb7 28. Rd7 Rxd7 29. Nxd7 a5+ 30. Ka3 Rc6 31. Ne5 Rc5 32. Nd7 Rc6 33. Ne5 Rc5 34. Nd3 Rc7 35. Nf4 Kf7 36. g3 e5 37. Nd3 Ke6 38. b4 axb4+ 39. Kxb4 Nc5 40. Nxc5+ Rxc5 41. Rd1 h5 42. Rd8 h4 43. Rh8 hxg3 44. hxg3 Bf3 45. Bd3 f4 46. Rh6+ Ke7 47. exf4 exf4 48. gxf4 Rc8 49. Rg6 Kf7 50. Rg5 Rg8 51. a5 bxa5+ 52. Kxa5 Rxg5+ 53. fxg5 g3 54. Bf1 g2 55. Bxg2 Bxg2 56. c5 Kg6 57. c6 Bxc6 58. Kb6 Kxg5 1/2-1/2


[Site "https://www.chess.com"]

[Event "Titled Tuesday Blitz May 24 Early 2022"]
[White "Kollars, Dmitrij"]
[Black "Seo, Jung Min"]
[WhiteFideId "12909572"]
[BlackFideId "1734687"]
[WhiteElo "2584"]
[BlackElo "2401"]
[Result "1-0"]
[Round "07"]
[TimeControl "180+1"]
[Date "2022.05.24"]
[WhiteClock "0:01:18"]
[BlackClock "0:01:52"]

1. e4 c5 2. Nf3 d6 3. Bb5+ Bd7 4. Bxd7+ Qxd7 5. c4 Nc6 6. Nc3 g6 7. d4 cxd4 8. Nxd4 Bg7 9. Be3 Nf6 10. f3 O-O 11. O-O Rfc8 12. b3 Ne8 13. Qd3 Nc7 14. Nxc6 Qxc6 15. Rac1 a6 16. a4 Re8 17. Rfd1 Rac8 18. a5 Ne6 19. Nd5 Nc7 20. Nb6 Rcd8 21. b4 Na8 22. b5 Qc7 23. Nd5 Qd7 24. b6 Rc8 25. c5 Rc6 26. cxd6 exd6 27. Bd4 1-0


[Site "https://www.chess.com"]

[Event "Titled Tuesday Blitz May 24 Early 2022"]
[White "Korchmar, Vasiliy"]
[Black "D`Arruda, Ricardo D."]
[WhiteFideId "24131750"]
[BlackFideId "100692"]
[WhiteElo "2370"]
[BlackElo "2500"]
[Result "1-0"]
[Round "07"]
[TimeControl "180+1"]
[Date "2022.05.25"]
[WhiteClock "0:00:27"]
[BlackClock "0:00:02"]

1. e4 c5 2. Nf3 Nc6 3. d4 cxd4 4. Nxd4 e5 5. Nb5 a6 6. Nd6+ Bxd6 7. Qxd6 Qe7 8. Qd1 Nf6 9. Nc3 d6 10. Bc4 Be6 11. Bb3 h6 12. O-O O-O 13. h3 Rac8 14. Be3 Na5 15. Qf3 Nxb3 16. axb3 Rfd8 17. Rfd1 Rc6 18. Rd2 Rdc8 19. Rad1 b5 20. b4 Ne8 21. Qg3 Kh7 22. f4 f6 23. f5 Bf7 24. Qh4 Rc4 25. g4 Rxb4 26. Rg2 Rxb2 27. g5 fxg5 28. Bxg5 Nf6 29. Rd3 b4 30. Nd1 Rbxc2 31. Nf2 R8c3 32. Rxc3 bxc3 33. Ng4 Rxg2+ 34. Kxg2 c2 35. Bxh6 Qb7 36. Nxf6+ gxf6 37. Bg5+ Kg8 38. Bxf6 Qxe4+ 39. Qxe4 c1=Q 40. Qa8+ 1-0


[Site "https://www.chess.com"]

[Event "Titled Tuesday Blitz May 24 Early 2022"]
[White "Kosteniuk, Alexandra"]
[Black "Tomaszewski, Kacper"]
[WhiteFideId "4128125"]
[BlackFideId "1127373"]
[WhiteElo "2469"]
[BlackElo "2153"]
[Result "1-0"]
[Round "07"]
[TimeControl "180+1"]
[Date "2022.05.25"]
[WhiteClock "0:01:34"]
[BlackClock "0:00:33"]

1. e4 c5 2. c3 d5 3. exd5 Nf6 4. d4 cxd4 5. cxd4 g6 6. Nc3 Bg7 7. Bc4 O-O 8. a4 Nbd7 9. a5 b6 10. a6 Qc7 11. Qe2 Ne8 12. Nf3 Nd6 13. Bd3 Nf6 14. Bf4 Bg4 15. O-O Rad8 16. Be5 Bxf3 17. Qxf3 Qd7 18. h3 Nf5 19. Bb5 Qc8 20. Bc6 Nd7 21. Bxg7 Kxg7 22. Nb5 Qb8 23. Rfe1 Nf6 24. g4 Nxd4 25. Nxd4 e6 26. dxe6 Rxd4 27. e7 Rc8 28. g5 Rc4 29. Qxf6+ 1-0


[Site "https://www.chess.com"]

[Event "Titled Tuesday Blitz May 24 Early 2022"]
[White "Kostiukov, Alexandr"]
[Black "Ciuffoletti, Paolo"]
[WhiteFideId "14108100"]
[BlackFideId "807630"]
[WhiteElo "2202"]
[BlackElo "2143"]
[Result "1-0"]
[Round "07"]
[TimeControl "180+1"]
[Date "2022.05.25"]
[WhiteClock "0:01:30"]
[BlackClock "0:00:21"]

1. e4 c5 2. Nf3 Nc6 3. d4 cxd4 4. Nxd4 Nf6 5. Nc3 e5 6. Nb3 Bb4 7. Bd3 d5 8. exd5 Nxd5 9. O-O Bxc3 10. bxc3 O-O 11. Bb2 Kh8 12. c4 Nf4 13. Be4 Be6 14. Bxc6 bxc6 15. Bxe5 Ng6 16. Bd6 Re8 17. c5 Qg5 18. f4 Qh4 19. f5 Bxb3 20. fxg6 Bc4 21. gxf7 Rf8 22. Rf4 1-0


[Site "https://www.chess.com"]

[Event "Titled Tuesday Blitz May 24 Early 2022"]
[White "Koutlas, Nikolaos"]
[Black "Lopez, Henry"]
[WhiteFideId "25827138"]
[BlackFideId "5203830"]
[WhiteElo "1645"]
[BlackElo "2177"]
[Result "0-1"]
[Round "07"]
[TimeControl "180+1"]
[Date "2022.05.25"]
[WhiteClock "0:00:02"]
[BlackClock "0:00:37"]

1. h4 d5 2. Nf3 Nf6 3. h5 h6 4. Ne5 c5 5. e3 a6 6. d4 e6 7. c4 Nc6 8. Nc3 Bd6 9. f4 cxd4 10. exd4 O-O 11. c5 Be7 12. Be3 Qc7 13. Bd3 b6 14. cxb6 Qxb6 15. O-O Nxe5 16. fxe5 Nd7 17. Qg4 Nxe5 18. Na4 Qb4 19. Qg3 Nxd3 20. Bxh6 Qxd4+ 21. Kh1 Qh4+ 22. Qxh4 Bxh4 23. Be3 Nxb2 24. Nxb2 e5 25. Bc5 Re8 26. Nd3 Bf6 27. Rad1 Bg4 28. Rd2 Bxh5 29. Nb4 d4 30. Nd3 e4 31. Nf4 e3 32. Rb2 Bg4 33. Nd5 Be5 34. Rb4 e2 35. Re1 Bg3 36. Rxe2 Rxe2 37. Ne7+ Kh7 38. Rxd4 Re1# 0-1


[Site "https://www.chess.com"]